 Dungeon Crawl Stone Soup version 0.26-a0-949-ga0cc1ef5f6 (webtiles) character file.

Game seed: 12321422372803636507

58 miscthings the Slinger (level 4, 0/29 HPs)
             Began as a Halfling Hunter on Nov 28, 2020.
             Slain by an adder (4 damage)
             ... on level 2 of the Dungeon.
             The game lasted 00:00:51 (949 turns).

miscthings the Slinger (Halfling Hunter)             Turns: 949, Time: 00:00:51

Health: 0/29       AC:  3    Str: 14    XL:     4   Next: 21%
Magic:  4/4        EV: 14    Int:  9    God:
Gold:   68         SH:  0    Dex: 14    Spells: 3/3 levels left

rFire    . . .     SeeInvis .   a - +1 hunting sling
rCold    . . .     Faith    .   (shield restricted)
rNeg     . . .     Spirit   .   c - +0 leather armour
rPois    .         Reflect  .   (no helmet)
rElec    .         Harm     .   (no cloak)
rCorr    .         Rampage  .   (no gloves)
MR       .....                  (no boots)
Stlth    ++........             (no amulet)
HPRegen  0.09/turn              f - ring of stealth
MPRegen  0.09/turn              (no ring)

@: lethally poisoned (0 -> -4)
A: small, mutation resistance 1
a: no special abilities


You were on level 2 of the Dungeon.
You visited 1 branch of the dungeon, and saw 2 of its levels.

You collected 68 gold pieces.

Inventory:

Hand Weapons
 a - a +1 hunting sling (weapon)
 b - a +0 short sword
Missiles
 d - 21 sling bullets (quivered)
 e - 69 stones
Armour
 c - a +0 leather armour (worn)
Jewellery
 f - a ring of stealth (left hand)
Scrolls
 g - 3 scrolls of identify {unknown}
 h - a scroll of teleportation {unknown}
 i - a scroll of enchant weapon {unknown}
 j - a scroll of amnesia {unknown}
 k - a scroll of remove curse {unknown}


   Skills:
 - Level 1.7 Fighting
 + Level 8.0 Slings
 - Level 2.1 Dodging
 - Level 1.1 Stealth


You had 3 spell levels left.
You didn't know any spells.
Your spell library was empty.

Dungeon Overview and Level Annotations

Branches:
Dungeon (2/15)

Altars:


Innate Abilities, Weirdness & Mutations

You are small and have problems with some larger weapons.
You are somewhat resistant to further mutation.


Message History

The sling bullet barely misses the adder.
The sling bullet closely misses the adder.
The adder closely misses you.
Fire: 23 sling bullets
Press: ? - help, Q - select action, (/) - cycle Shift-Dir - straight line, f/p - adder
Aim: an adder You shoot a sling bullet.
The sling bullet closely misses the adder.
The sling bullet hits the adder.
The adder is severely wounded.
* * * LOW HITPOINT WARNING * * *
You feel sick. The adder bites you.
* * * LOW HITPOINT WARNING * * *
Fire: 22 sling bullets
Press: ? - help, Q - select action, (/) - cycle Shift-Dir - straight line, f/p - adder
Aim: an adder You shoot a sling bullet.
The sling bullet hits the adder.
The adder is moderately wounded.
The adder barely misses you. The adder bites you.
You die...

#.........#
+....(....+
.........
...[... .(...
.(. #S# #S#
#######@#
.>......##
######...##
###.#.....######
.....#.#........
##.....†#######
####..## #..#
######..#


You could see 2 adders.

Vanquished Creatures
  3 adders (D:2)
  A dart slug (D:1)
  A ball python (D:1)
  5 goblins
  2 hobgoblins (D:1)
  8 kobolds
  A quokka (D:2)
  3 bats
  5 frilled lizards
  4 rats
33 creatures vanquished.

Notes
Turn   | Place    | Note
-------+----------+-------------------------------------------
     0 | D:1      | miscthings the Halfling Hunter began the quest for the Orb.
     0 | D:1      | Reached XP level 1. HP: 14/14 MP: 1/1
    67 | D:1      | Reached skill level 6 in Slings
   291 | D:1      | Reached XP level 2. HP: 19/19 MP: 2/2
   593 | D:1      | Reached skill level 7 in Slings
   593 | D:1      | Reached XP level 3. HP: 24/24 MP: 3/3
   940 | D:2      | Reached XP level 4. HP: 14/29 MP: 4/4
   946 | D:2      | Reached skill level 8 in Slings
   949 | D:2      | Slain by an adder

Illustrated notes

Levels and vault maps discovered:
D:1:      dpeg_arrival_solitude, layout_basic, minivault_19, skrybe_limestone_x
D:2:      layout_loops_corners

Skill      XL: |  1  2  3  4 |
---------------+-------------+-----
Slings         | 6 7 8 |  8.0
Fighting       | |  1.7
Dodging        | |  2.1
Stealth        | |  1.1

Action                   |  1- 3 |  4- 6 || total
-------------------------+-------+-------++-------
 Fire: Hunting sling     |    71 |     9 ||    80
  Use: Potion            |       |     1 ||     1
Armor: Leather armour    |     1 |       ||     1
Dodge: Dodged            |    15 |     7 ||    22

Table legend: (Time is in decaauts)
 A = Elapsed time spent in this place.
 B = Non-inter-level travel time spent in this place.
 C = Inter-level travel time spent in this place.
 D = Time resting spent in this place.
 E = Time spent auto-exploring this place.
 F = Levels seen in this place.
 G = Mean time per level.
                   A        B        C        D        E       F      G
               +--------+--------+--------+--------+--------+-----+--------+
         Total |    937 |    892 |     45 |      0 |    750 |   2 |  468.5 |
       Dungeon |    937 |    892 |     45 |      0 |    750 |   2 |  468.5 |
               +--------+--------+--------+--------+--------+-----+--------+

Top non-repeatable levels by time:
     D:1: 785 daAuts
     D:2: 151 daAuts
